 Dungeon Crawl Stone Soup version 0.31-a0-986-g5e6e4ef867 (webtiles) character file.

Game seed: 10906693798423292527

50 pokeman the Magician (level 3, 0/20 HPs)
             Began as a Deep Elf Hedge Wizard on Nov 23, 2023.
             Slain by a gnoll
             ... wielding a +0 spear
              (6 damage)
             ... on level 2 of the Dungeon.
             The game lasted 00:02:02 (1397 turns).

pokeman the Magician (Deep Elf Hedge Wizard)        Turns: 1397, Time: 00:02:03

Health: 0/20       AC:  2    Str:  7    XL:     3   Next: 55%
Magic:  4/11       EV: 12    Int: 20    God:
Gold:   39         SH:  0    Dex: 14    Spells: 4/12 levels left

rFire   . . .        a - +0 dagger
rCold   . . .        (no shield)
rNeg    . . .        b - +0 robe
rPois   .            c - +0 hat
rElec   .            (no cloak)
rCorr   .            (no gloves)
SInv    .            (no boots)
Will    .....        (no amulet)
Stlth   ++           (no ring)
HPRegen 0.23/turn    (no ring)
MPRegen 0.12/turn

%: no passive effects
@: no status effects
A: no striking features
a: no special abilities


You were on level 2 of the Dungeon.
You visited 1 branch of the dungeon, and saw 2 of its levels.

You collected 39 gold pieces.

Inventory:

Hand Weapons
 a - a +0 dagger (weapon)
Armour
 b - a +0 robe (worn)
 c - a +0 hat (worn)
Scrolls
 f - a scroll of immolation {unknown}
 g - a scroll of identify {unknown}
Potions
 d - a potion of magic
 e - a potion of attraction {unknown}


   Skills:
 - Level 1.0 Fighting
 - Level 1.0 Armour
 + Level 2.4 Dodging
 + Level 2.4 Stealth
 * Level 5.3 Spellcasting
 + Level 1.9 Conjurations
 - Level 1.1 Summonings
 - Level 1.1 Translocations


You had 4 spell levels left.
You knew the following spells:

 Your Spells              Type           Power      Damage    Failure   Level
a - Magic Dart            Conj           52%        1d5       4%          1
b - Mephitic Cloud        Conj/Pois/Air  7%         N/A       26%         3
c - Call Imp              Summ           18%        N/A       11%         2
d - Blink                 Tloc           18%        N/A       11%         2

Your spell library contained the following spells:

 Spells                   Type           Power      Damage    Failure   Level
 Slow                     Hex            20%        N/A       12%         1
 Cigotuvi's Dreadful Rot  Necr/Pois/Air  10%        N/A       17%         2


Dungeon Overview and Level Annotations

Branches:
Dungeon (2/15)

Altars:


Message History

Aiming: Mephitic Cloud (extremely dangerous; 26% risk of failure)
Press: ? - help, Shift-Dir - straight line, f - gnoll
Aim: a gnoll, wielding a +0 club (chance to affect: 91%)
The ball explodes into a vile cloud!
The stinking cloud engulfs the gnoll but does no damage.
You hear a shout!
The gnoll is engulfed in noxious fumes.
The gnoll appears confused.
Unknown command.
You hit the gnoll but do no damage.
The gnoll is engulfed in noxious fumes.
The gnoll appears confused.
The gnoll barely misses you.
A ball python comes into view.
Unknown command.
You hit the gnoll.
The gnoll is moderately wounded.
The gnoll is engulfed in noxious fumes.
The gnoll appears confused.
Unknown command.
Casting: Mephitic Cloud (extremely dangerous; 26% risk of failure)
Confirm with . or Enter, or press ? or * to list all spells.
Aiming: Magic Dart (safe; 4% risk of failure)
Press: ? - help, Shift-Dir - straight line, f - ball python, p - gnoll
Aim: a ball python (100% to hit)
The magic dart hits the ball python.
You kill the ball python!
Unknown command.
You catch the helpless gnoll completely off-guard!
You puncture the gnoll!
The gnoll is severely wounded.
The gnoll hits you with a +0 club!
You hit the gnoll but do no damage.
The gnoll is severely wounded.
The hobgoblin closely misses you. The gnoll closely misses you.
You hit the gnoll but do no damage.
The gnoll is severely wounded.
The hobgoblin hits you.
* * * LOW HITPOINT WARNING * * *
The gnoll hits you but does no damage.
Unknown command.
The hobgoblin closely misses you. The gnoll barely misses you.
The gnoll hits you from afar with a +0 spear.
You die...

. .. # #.#
.#
#.†.###..#
#....@g..#
#.#...g#.#
#....g.
######..?
##..# .. .


You could see 2 gnolls and a hobgoblin.

Vanquished Creatures
  A gnoll (D:1)
  2 dart slugs (D:1)
  2 endoplasms (D:1)
  4 goblins (D:1)
  2 hobgoblins (D:1)
  3 jackals (D:1)
  3 kobolds (D:1)
  2 quokkas
  4 ball pythons
  7 bats
  3 frilled lizards (D:1)
33 creatures vanquished.

Notes
Turn   | Place    | Note
-------+----------+-------------------------------------------
     0 | D:1      | pokeman the Deep Elf Hedge Wizard began the quest for the
                  | Orb.
     0 | D:1      | Reached XP level 1. HP: 10/10 MP: 7/7
   181 | D:1      | Reached XP level 2. HP: 16/16 MP: 0/9
   664 | D:1      | Reached skill level 5 in Spellcasting
   863 | D:1      | Reached XP level 3. HP: 20/20 MP: 4/11
   868 | D:1      | Learned a level 3 spell: Mephitic Cloud
   871 | D:1      | Learned a level 2 spell: Call Imp
   877 | D:1      | Learned a level 2 spell: Blink
  1300 | D:1      | Reached skill level 1 in Fighting
  1300 | D:1      | Reached skill level 1 in Armour
  1397 | D:2      | Slain by a gnoll

Illustrated notes

Levels and vault maps discovered:
D:1:      minmay_arrival_wavy_path, layout_basic
D:2:      layout_basic, serial_shops, nicolae_shop_tiny_statue_garden,
          basic_altar

Skill      XL: |  1  2  3 |
---------------+----------+-----
Spellcasting   | 5 |  5.3
Fighting       | 1 |  1.0
Armour         | 1 |  1.0
Dodging        | |  2.4
Stealth        | |  2.4
Conjurations   | |  1.9
Summonings     | |  1.1
Translocations | |  1.1

Action                     || total
---------------------------++-------
  Melee: Dagger            ||     5
   Cast: Magic Dart        ||   100
         Mephitic Cloud    ||     1
   Stab: Confused          ||     1
 Armour: Robe              ||    22
  Dodge: Dodged            ||    22

Table legend: (Time is in decaauts)
 A = Elapsed time spent in this place.
 B = Non-inter-level travel time spent in this place.
 C = Inter-level travel time spent in this place.
 D = Time resting spent in this place.
 E = Time spent auto-exploring this place.
 F = Levels seen in this place.
 G = Mean time per level.
                   A        B        C        D        E       F      G
               +--------+--------+--------+--------+--------+-----+--------+
         Total |   1397 |   1357 |     40 |    157 |   1011 |   2 |  698.5 |
       Dungeon |   1397 |   1357 |     40 |    157 |   1011 |   2 |  698.5 |
               +--------+--------+--------+--------+--------+-----+--------+

Top non-repeatable levels by time:
     D:1: 1356 daAuts
     D:2: 41 daAuts
